Map: Bastion of the Conclave

Players

ZarFalkbeer

  • Race: Zerg Zerg
  • Spawn Location: 0:00

JAB

  • Race: Terran Terran
  • Spawn Location: 12:00

Omah

  • Race: Terran Terran
  • Spawn Location: 12:00

Metasapien - Winner!

  • Race: Zerg Zerg
  • League: Platinum
  • Spawn Location: 6:00

Walldeer - Winner!

  • Race: Protoss Protoss
  • League: Silver
  • Spawn Location: 6:00

samanaXZ - Winner!

  • Race: Terran Terran
  • Spawn Location: 6:00

VOD

Have the link to the VOD?

Description

Time

  • Played on: Sept. 24, 2017, 12:40 a.m.
  • Length: 19:22
Show
View Real Time Build Order
Export as new Build Order

ZarFalkbeer Zerg 

Build Orders: Pool First, Lurkers 

Get SALT Encoding   

  12  0:09  Drone  
  12  0:10  Drone  
  14  0:19  Overlord  
  14  0:30  Drone, Extractor  
  14  0:33  Drone, Extractor  
  15  0:43  Drone  
  16  0:52  Spawning Pool  
  16  0:57  Drone  
  16  1:07  Drone  
  17  1:23  Drone  
  18  1:32  Drone  
  19  1:37  Drone, Evolution Chamber  
  19  1:41  Queen  
  19  1:45  Metabolic Boost  
  21  1:48  Zergling x2  
  22  2:08  Hatchery  
  21  2:13  Drone  
  22  2:16  Overlord  
  22  2:26  Zerg Melee Weapons Level 1  
  22  2:34  Queen  
  24  2:46  Zergling x2  
  24  2:47  Drone, Zergling x2  
  27  2:54  Zergling x2  
  27  2:55  Drone, Zergling x2  
  22  3:30  Queen  
  22  3:31  Drone x2  
  22  3:32  Drone  
  26  3:46  Drone  
  27  3:54  Drone  
  27  3:55  Drone x2  
  30  4:04  Drone  
  30  4:05  Drone  
  32  4:20  Queen, Zerg Ground Armor Level 1  
  34  4:24  Drone x2  
  36  4:31  Drone, Extractor  
  36  4:34  Overlord  
  36  4:35  Extractor  
  35  4:44  Drone x2  
  36  4:47  Drone  
  36  4:53  Drone x3  
  36  4:56  Zergling x8  
  36  4:57  Zergling x2  
  44  5:03  Lair  
  44  5:09  Overlord  
  44  5:26  Queen  
  46  5:38  Drone  
  46  5:39  Drone x4  
  51  5:59  Drone  
  51  6:00  Extractor  
  51  6:02  Pneumatized Carapace  
  51  6:03  Spire  
  50  6:10  Evolution Chamber  
  49  6:12  Zergling x6  
  49  6:18  Hydralisk Den  
  52  6:25  Drone  
  52  6:27  Overlord x2  
  52  6:28  Overlord  
  52  6:29  Overseer  
  52  6:31  Overseer  
  52  6:33  Overlord  
  52  6:36  Overlord  
  52  7:18  Zergling x8, Hydralisk  
  52  7:19  Zergling x2, Hydralisk x5  
  52  7:20  Hydralisk x3  
  74  7:27  Overseer  
  70  7:58  Hydralisk x4  
  70  7:59  Hydralisk  
  70  8:01  Overseer  
  80  8:22  Nydus Network, Hydralisk x2  
  83  8:41  Hydralisk x3  
  77  8:44  Overlord x3  
  77  8:47  Muscular Augments  
  83  8:51  Zerg Missile Weapons Level 1  
  83  8:56  Drone  
  84  9:03  Drone x2  
  86  9:10  Zerg Ground Armor Level 2  
  86  9:15  Zergling x8  
  86  9:16  Zergling x2  
  91  9:35  Extractor  
  91  9:36  Extractor  
  89  9:40  Hydralisk x4  
  97  9:59  Zergling x8  
  101  10:01  Zerg Flyer Weapons Level 1  
  101  10:08  Nydus Canal  
  101  10:11  Corruptor  
  101  10:13  Corruptor  
  94  10:54  Infestation Pit  
  84  11:05  Lurker Den  
  79  11:26  Drone x3  
  82  11:49  Overseer  
  82  11:58  Hatchery  
  82  11:59  Extractor  
  80  12:09  Drone x2  
  80  12:10  Drone  
  80  12:15  Hive  
  83  12:18  Burrow, Hydralisk  
  83  12:19  Hydralisk x5  
  83  12:20  Hydralisk x4  
  103  12:31  Zerg Missile Weapons Level 2  
  103  12:52  Lurker x2  
  105  13:15  Lurker  
  105  13:16  Lurker  
  107  13:35  Zerg Ground Armor Level 3  
  107  13:38  Drone x3  
  107  13:41  Extractor  
  109  13:42  Drone x3  
  112  14:16  Zergling x2  
  113  14:19  Overlord x2  
  113  14:20  Overlord x2  
  113  14:37  Corruptor x2  
  113  14:38  Viper x2  
  99  14:56  Hydralisk x4  
  99  14:57  Hydralisk  
  109  15:08  Overseer  
  109  15:11  Overseer x2  
  109  15:21  Nydus Canal  
  109  16:32  Nydus Canal  
  87  17:09  Zergling x2  
  87  17:10  Zergling x10  
  57  17:41  Hydralisk x2  
  57  17:42  Hydralisk x6  
  57  17:43  Hydralisk x5  
  57  17:44  Hydralisk x6  
  81  17:45  Hydralisk x5  
  81  17:46  Hydralisk  
Show
View Real Time Build Order
Export as new Build Order

JAB Terran 

Build Orders:  

Get SALT Encoding   

  12  0:01  SCV  
  13  0:13  SCV  
  14  0:19  Supply Depot  
  14  0:25  SCV  
  15  0:30  Refinery  
  15  0:41  SCV  
  16  0:46  Barracks  
  16  0:53  SCV  
  17  0:57  Refinery  
  17  1:05  SCV  
  18  1:17  SCV  
  19  1:34  Orbital Command, Factory  
  19  1:50  Supply Depot  
  19  1:54  Barracks Reactor  
  19  2:00  SCV  
  20  2:12  SCV  
  21  2:34  Command Center  
  21  2:35  SCV  
  22  2:38  Barracks Tech Lab  
  22  2:47  SCV  
  23  2:54  Engineering Bay  
  23  2:55  Hellion x2  
  27  2:59  SCV  
  27  3:04  Supply Depot x2  
  28  3:11  SCV  
  29  3:15  Marauder  
  31  3:37  Hellion x2  
  31  3:38  Marauder  
  31  3:40  SCV  
  38  3:48  Orbital Command  
  38  3:57  SCV  
  39  4:03  Missile Turret  
  39  4:09  Missile Turret, SCV  
  40  4:15  Hellion  
  42  4:19  Hellion  
  44  4:27  SCV x2  
  46  4:35  Starport  
  46  4:39  SCV x2  
  48  5:08  Marauder  
  48  5:09  Widow Mine x2  
  54  5:22  SCV x2  
  56  5:28  Starport Reactor  
  56  5:34  SCV x2  
  58  5:36  Barracks  
  58  5:37  Barracks  
  58  5:38  Widow Mine x2  
  62  5:44  Command Center  
  62  5:54  Supply Depot  
  62  5:56  Supply Depot  
  62  6:15  Medivac x2, SCV  
  62  6:18  Supply Depot x2  
  67  6:19  SCV  
  67  6:23  Marine x2  
  70  6:26  Siege Tank  
  70  6:28  Barracks Tech Lab, Barracks Reactor, SCV  
  70  6:31  SCV  
  75  6:40  Marine  
  75  6:41  Supply Depot, Marine  
  75  6:44  Supply Depot  
  75  6:45  Medivac x2  
  75  6:46  Terran Infantry Weapons Level 1  
  81  6:50  Stimpack  
  81  6:54  Marine  
  81  6:58  Siege Tank, Marine x2  
  87  7:11  Marine x2  
  87  7:12  Marine  
  87  7:15  Medivac x2  
  90  7:16  Marine  
  90  7:21  Barracks  
  95  7:26  SCV x2  
  95  7:27  Barracks  
  97  7:38  SCV x2  
  99  7:45  Medivac  
  99  7:50  SCV  
  102  8:02  Marine x4  
  102  8:03  Marauder  
  102  8:04  Siege Tank  
  111  8:08  SCV x2  
  111  8:12  Refinery  
  113  8:14  Refinery  
  113  8:20  SCV x2, Marine x2  
  113  8:24  Orbital Command, Marauder  
  119  8:29  Barracks Reactor  
  119  8:30  Barracks Reactor  
  119  8:31  Marine x2  
  119  8:32  SCV  
  122  8:37  Marine  
  122  8:40  Terran Infantry Armor Level 1  
  123  8:46  Marauder  
  111  9:03  Marine x3  
  111  9:04  Marine  
  111  9:07  Marauder  
  111  9:08  Siege Tank  
  120  9:21  Marine x3  
  123  9:28  Marauder  
  125  9:47  Supply Depot  
  125  9:52  Supply Depot  
  125  10:00  Armory, Engineering Bay  
  125  10:08  Viking x2, Marine x4  
  125  10:13  Marine x5  
  138  10:19  Siege Tank  
  140  10:26  Marine x4  
  131  10:31  Marine x5  
  135  10:38  Viking x2  
  129  10:44  Marine x4  
  129  10:49  Marine x4  
  126  10:50  SCV, Widow Mine  
  126  10:51  SCV x2  
  126  10:55  Missile Turret  
  129  11:03  SCV x3  
  132  11:08  Viking x2  
  130  11:15  SCV x3  
  130  11:16  Missile Turret  
  131  11:19  Widow Mine  
  131  11:22  Marine  
  131  11:23  Marine x6  
  131  11:24  Marine  
  141  11:35  Supply Depot  
  141  11:37  Missile Turret, Terran Infantry Armor Level 2, Terran Infantry Weapons Level 2, Supply Depot  
  141  11:43  Supply Depot  
  141  11:54  Marine x2  
  141  11:57  Marine x7  
  141  11:59  Viking  
  150  12:07  Supply Depot x2  
  150  12:12  Marine x2  
  150  12:14  Combat Shields  
  150  12:15  Marauder, Marine x6  
  160  12:18  Terran Vehicle And Ship Armor Level 1  
  160  12:26  Refinery  
  160  12:29  Refinery  
  160  12:30  Marine x2  
  160  12:32  Marine x6  
  160  12:37  Marauder  
  170  12:46  Medivac x2  
  170  12:48  Marine x2  
  170  12:50  Marine x5  
  181  13:10  Command Center  
  181  13:20  Marine x2  
  181  13:33  Concussive Shells  
  181  14:06  Missile Turret  
  181  14:07  Marine x5  
  181  14:08  Medivac x2, Marine x2  
  179  14:13  Terran Ship Weapons Level 1  
  163  14:26  Missile Turret  
  163  14:28  Marine x6  
  169  14:38  Medivac x2  
  171  14:48  Missile Turret  
  127  15:08  Viking x2  
  127  15:10  Missile Turret  
  115  15:38  Viking  
  68  16:25  Marine x4  
  63  16:26  Marine x5  
  63  16:27  Medivac  
  63  16:28  Medivac  
  75  16:39  SCV x2  
  76  16:43  Marine x4  
  80  16:51  SCV x2  
  82  16:57  Medivac  
  84  17:08  Marine  
  84  17:09  Marine x4  
  84  17:10  Marauder, Marine  
  92  17:31  Marauder  
  92  17:36  Marine  
  92  17:37  Marine x6  
  95  17:38  Marine  
  95  17:40  Viking x2  
  86  17:53  Marauder  
  86  17:54  Marine x3  
  86  17:55  Marine x3  
  94  18:01  Marine x2  
  96  18:12  Marine x3  
  60  18:34  Marine x2  
  60  18:35  Marine x3  
  60  18:36  Marine  
  62  19:00  Marine x2  
Show
View Real Time Build Order
Export as new Build Order

Omah Terran 

Build Orders: Cyclone Opening 

Get SALT Encoding   

  12  0:02  SCV  
  13  0:14  SCV  
  14  0:25  Supply Depot  
  14  0:26  SCV  
  15  0:37  Refinery  
  15  0:47  SCV  
  15  0:49  Barracks  
  16  0:59  SCV  
  17  1:11  SCV  
  18  1:24  SCV  
  19  1:45  Orbital Command  
  19  1:52  Command Center  
  19  1:58  Factory  
  19  2:03  Refinery  
  19  2:11  SCV  
  20  2:26  SCV  
  21  2:35  Supply Depot  
  21  2:44  Barracks Reactor  
  21  2:49  SCV  
  22  2:56  Cyclone  
  26  3:05  SCV  
  26  3:12  Factory  
  26  3:15  Refinery  
  26  3:16  Orbital Command  
  26  3:19  Refinery  
  26  3:24  SCV  
  27  3:36  Engineering Bay  
  27  3:46  Cyclone  
  27  3:47  Cyclone  
  33  3:49  SCV  
  33  3:51  SCV  
  33  3:54  Barracks Tech Lab  
  35  4:12  Missile Turret  
  35  4:15  SCV  
  36  4:27  Widow Mine x2  
  36  4:28  Armory  
  40  4:33  Siege Tank  
  43  4:39  SCV  
  43  4:41  SCV  
  45  4:46  Missile Turret  
  45  4:53  SCV  
  45  4:56  Supply Depot  
  46  5:02  Supply Depot  
  46  5:06  Supply Depot  
  46  5:17  Hellion x2, SCV  
  51  5:26  Thor  
  57  5:36  SCV  
  57  5:38  SCV  
  57  5:42  Terran Vehicle And Ship Armor Level 1  
  59  5:55  Cyclone x2  
  65  6:04  SCV  
  65  6:05  Starport  
  65  6:07  SCV  
  67  6:30  Supply Depot  
  67  6:32  Supply Depot  
  67  6:51  Thor  
  59  7:46  Cyclone  
  59  7:47  Thor, Cyclone  
  68  8:06  Command Center  
  68  8:09  SCV  
  68  8:11  SCV  
  70  8:15  Refinery x2  
  70  8:17  Terran Vehicle And Ship Armor Level 2  
  70  8:21  SCV  
  70  8:24  SCV  
  70  8:26  Starport Tech Lab  
  72  8:31  Armory  
  72  8:55  Raven  
  74  9:03  Thor  
  74  9:04  Widow Mine x2  
  84  9:22  Drilling Claws  
  84  9:23  Factory  
  84  9:30  SCV  
  85  9:36  Orbital Command, Factory x2  
  85  9:42  SCV  
  86  9:50  Missile Turret  
  86  9:51  Terran Vehicle Weapons Level 1  
  86  9:58  Thor  
  92  10:02  Cyclone x2  
  92  10:04  Raven  
  92  10:06  Corvid Reactor  
  100  10:07  Missile Turret  
  100  10:12  SCV  
  101  10:17  Factory Reactor  
  101  10:23  Factory Tech Lab x2  
  101  10:47  Supply Depot  
  101  10:48  Supply Depot x3  
  101  10:49  Supply Depot  
  101  10:51  Supply Depot  
  101  10:52  Supply Depot  
  101  11:08  SCV x2  
  101  11:09  Hellion x3  
  101  11:10  Hellion x2, Thor x2  
  125  11:15  Supply Depot x2  
  125  11:20  SCV x2  
  125  11:25  Recalibrated Explosives, Supply Depot  
  127  11:32  Missile Turret, SCV  
  128  11:43  Missile Turret  
  128  11:44  Terran Vehicle And Ship Armor Level 3  
  128  11:47  Raven  
  128  11:50  Widow Mine x2  
  128  11:52  Thor  
  140  11:55  Hellion  
  140  11:56  Hellion  
  144  12:12  Missile Turret  
  144  12:44  Thor x2  
  144  12:45  Thor  
  144  12:46  Widow Mine  
  144  12:47  Widow Mine x3  
  170  12:59  Raven  
  170  13:04  Terran Vehicle Weapons Level 2  
  172  13:14  Supply Depot  
  172  13:16  Supply Depot x2  
  172  13:18  Supply Depot  
  172  13:28  Widow Mine, Cyclone x2  
  180  13:35  Widow Mine  
  182  13:48  Infernal Pre-Igniter  
  180  14:28  Thor x3  
  77  16:30  Thor x3  
  65  16:34  Widow Mine x3  
  65  16:35  Widow Mine  
  65  16:39  Raven  
  75  16:48  Starport  
  75  16:51  Starport  
  75  17:04  Widow Mine x2  
  79  17:08  Widow Mine  
  79  17:09  Widow Mine  
  79  17:13  Thor x3  
  101  17:18  Thor x3  
  101  17:21  Raven  
  103  17:31  Starport Tech Lab  
  103  17:32  Widow Mine x2  
  107  17:45  Starport Tech Lab, Widow Mine x2  
  111  17:56  Thor x3  
  122  18:01  Widow Mine  
Show
View Real Time Build Order
Export as new Build Order

Metasapien Zerg - Winner!

Build Orders: Hatch First 

Get SALT Encoding   

  12  0:02  Drone  
  13  0:37  Hatchery  
  12  0:51  Spawning Pool  
  12  0:53  Drone  
  12  0:58  Drone  
  13  1:07  Overlord  
  13  1:17  Drone  
  13  1:18  Drone, Extractor  
  14  1:27  Drone  
  15  1:36  Drone  
  16  1:47  Drone  
  16  1:50  Drone  
  18  1:59  Drone  
  19  2:05  Drone  
  20  2:12  Drone  
  21  2:16  Drone  
  21  2:18  Hatchery  
  21  2:29  Spine Crawler  
  20  2:32  Queen  
  22  2:40  Drone x2  
  22  2:44  Drone  
  25  2:48  Overlord  
  25  2:58  Queen  
  25  3:01  Drone  
  25  3:05  Extractor  
  27  3:08  Overlord  
  27  3:20  Drone x3  
  27  3:21  Drone  
  31  3:28  Drone  
  31  3:29  Drone  
  31  3:33  Drone  
  34  3:39  Queen  
  34  3:40  Drone  
  37  3:45  Lair  
  37  3:52  Drone x2  
  37  3:54  Drone x2  
  41  3:56  Drone  
  41  3:58  Drone  
  43  4:04  Drone x2, Extractor  
  43  4:07  Zergling x2  
  43  4:08  Zergling x2  
  46  4:10  Zergling x2  
  46  4:12  Zergling x2  
  48  4:19  Drone  
  48  4:20  Drone  
  48  4:22  Overlord  
  50  4:28  Extractor  
  49  4:35  Drone, Roach Warren  
  49  4:38  Overlord  
  49  4:39  Overlord  
  46  4:53  Drone x2  
  46  4:54  Zergling x6  
  46  5:03  Drone  
  46  5:04  Drone x2, Zergling x2  
  46  5:05  Zergling x4  
  46  5:06  Drone  
  53  5:09  Spine Crawler  
  52  5:15  Glial Reconstitution  
  52  5:18  Hydralisk Den, Roach x2  
  55  5:23  Drone x3  
  55  5:25  Drone  
  59  5:35  Roach x2  
  63  5:36  Drone  
  63  5:38  Drone x3  
  63  5:42  Drone  
  68  5:43  Drone x2  
  70  6:11  Overlord x2  
  70  6:12  Overlord x2  
  70  6:13  Pneumatized Carapace  
  70  6:18  Queen  
  72  6:19  Queen  
  72  6:21  Extractor  
  72  6:23  Extractor  
  72  6:26  Muscular Augments  
  72  6:29  Metabolic Boost  
  72  6:47  Hydralisk  
  72  6:48  Roach, Hydralisk x5  
  72  6:49  Roach x3  
  72  6:53  Overlord  
  92  7:09  Hydralisk  
  92  7:10  Roach x2, Hydralisk x2  
  92  7:11  Roach  
  92  7:12  Overlord  
  104  7:17  Overlord  
  98  7:28  Zergling x4  
  98  7:29  Zergling x8  
  95  7:30  Roach  
  95  7:32  Zergling x4  
  83  7:47  Ravager  
  83  7:48  Ravager, Hydralisk x2  
  83  7:49  Roach x2, Hydralisk  
  89  8:01  Drone  
  89  8:02  Drone x3  
  89  8:04  Drone x2  
  95  8:09  Evolution Chamber  
  95  8:10  Evolution Chamber  
  93  8:19  Drone  
  94  8:20  Drone  
  95  8:28  Drone x3  
  95  8:33  Hydralisk x2  
  96  8:34  Roach, Hydralisk x2  
  96  8:35  Roach x2  
  106  8:42  Zerg Ground Armor Level 1, Zerg Missile Weapons Level 1  
  106  8:54  Ravager  
  107  9:02  Overseer  
  107  9:03  Overseer  
  107  9:07  Hydralisk  
  107  9:08  Roach x2, Hydralisk x4  
  107  9:09  Overlord, Roach x2  
  125  9:11  Drone x2  
  125  9:16  Tunneling Claws  
  127  9:18  Burrow  
  127  9:23  Infestation Pit  
  126  9:31  Drone x2  
  126  9:32  Drone x2  
  126  9:37  Drone x2  
  132  9:38  Nydus Network  
  132  9:40  Drone  
  132  9:41  Overlord x2  
  132  9:48  Hydralisk x3  
  132  9:51  Overlord  
  138  10:11  Hydralisk x2  
  138  10:12  Hydralisk x4  
  138  10:13  Roach x4  
  158  10:34  Hydralisk  
  158  10:35  Roach  
  162  10:36  Overlord x3  
  162  10:56  Hydralisk x3  
  162  10:57  Roach x3, Hydralisk x2  
  170  11:00  Overlord x2, Hatchery  
  170  11:03  Zerg Missile Weapons Level 2  
  177  11:07  Zerg Ground Armor Level 2  
  160  11:30  Hydralisk  
  160  11:31  Roach, Hydralisk x2  
  160  11:32  Roach  
  170  11:34  Infestor  
  181  11:41  Nydus Canal  
  181  11:43  Zergling x4, Hydralisk  
  181  11:44  Zergling x2, Roach x2  
  190  12:16  Queen  
  192  12:31  Extractor  
  192  12:33  Extractor  
  190  12:41  Infestor  
  190  12:42  Infestor x3  
  190  12:44  Infestor  
  200  13:15  Hive  
  200  13:56  Pathogen Glands  
  200  14:06  Nydus Canal  
  200  14:38  Zerg Missile Weapons Level 3, Zerg Ground Armor Level 3  
  195  14:43  Overlord  
  195  14:44  Overlord x3  
  142  14:59  Roach, Hydralisk x6  
  101  15:00  Hydralisk x5, Roach x6  
  101  15:01  Roach x6, Hydralisk x4  
  101  15:02  Roach x2  
  145  15:12  Hydralisk x4  
  145  15:13  Hydralisk, Roach x4  
  159  15:27  Hydralisk  
  159  15:28  Roach, Hydralisk x3  
  165  15:29  Roach x2  
  165  15:32  Adrenal Glands  
  173  16:00  Hydralisk x4  
  173  16:01  Roach x5, Hydralisk x3  
  173  16:02  Roach  
  173  16:03  Hatchery  
  190  16:38  Nydus Canal  
  190  16:45  Hydralisk x3  
  190  16:46  Roach x2  
  200  17:15  Zerg Melee Weapons Level 1  
  200  17:24  Overseer  
  200  17:25  Overseer  
  190  17:39  Ravager x2  
  190  17:40  Ravager x2  
  121  18:22  Extractor, Hatchery  
  121  18:23  Extractor  
  84  18:29  Hydralisk x2  
  84  18:30  Roach x3, Hydralisk x5  
  84  18:31  Hydralisk x2, Roach x5  
  84  18:32  Roach  
Show
View Real Time Build Order
Export as new Build Order

Walldeer Protoss - Winner!

Build Orders:  

Get SALT Encoding   

  12  0:57  Probe (Chrono Boost)  
  13  1:08  Probe (Chrono Boost)  
  13  1:09  Nexus  
  14  1:15  Pylon  
  14  1:18  Probe (Chrono Boost)  
  15  1:33  Probe (Chrono Boost)  
  16  1:43  Probe (Chrono Boost)  
  17  1:47  Forge  
  17  1:53  Gateway  
  17  2:02  Pylon  
  17  2:10  Assimilator  
  17  2:15  Assimilator  
  17  2:16  Probe (Chrono Boost)  
  18  2:25  Probe (Chrono Boost)  
  18  2:27  Probe (Chrono Boost)  
  20  2:35  Nexus  
  20  2:46  Probe (Chrono Boost)  
  21  2:53  Cybernetics Core  
  21  2:57  Pylon  
  21  3:01  Probe (Chrono Boost)  
  22  3:12  Probe (Chrono Boost)  
  23  3:20  Probe (Chrono Boost)  
  23  3:22  Probe (Chrono Boost)  
  25  3:36  Stargate  
  25  3:38  Probe (Chrono Boost)  
  26  3:48  Assimilator  
  26  3:49  Probe (Chrono Boost)  
  26  3:53  Probe (Chrono Boost), Assimilator  
  28  3:58  Probe (Chrono Boost)  
  28  3:59  Probe (Chrono Boost)  
  30  4:04  Probe (Chrono Boost)  
  31  4:10  Probe (Chrono Boost)  
  31  4:12  Photon Cannon  
  31  4:16  Photon Cannon  
  32  4:20  Probe (Chrono Boost)  
  32  4:21  Photon Cannon  
  33  4:26  Pylon  
  34  4:31  Probe (Chrono Boost)  
  34  4:41  Probe (Chrono Boost)  
  34  4:45  Photon Cannon  
  35  4:57  Photon Cannon  
  35  4:58  Void Ray  
  39  5:01  Mothership Core (Chrono Boost)  
  39  5:06  Probe (Chrono Boost)  
  42  5:10  Probe (Chrono Boost)  
  43  5:17  Probe (Chrono Boost)  
  43  5:19  Probe (Chrono Boost)  
  45  5:28  Probe (Chrono Boost), Stargate x2  
  46  5:41  Fleet Beacon  
  46  5:44  Pylon  
  46  5:49  Probe (Chrono Boost)  
  47  5:52  Probe (Chrono Boost)  
  48  5:59  Probe (Chrono Boost)  
  48  6:02  Probe (Chrono Boost)  
  50  6:10  Pylon  
  50  6:13  Probe (Chrono Boost)  
  51  6:23  Probe (Chrono Boost)  
  52  6:27  Probe (Chrono Boost), Assimilator  
  52  6:31  Assimilator  
  52  6:32  Carrier (Chrono Boost)  
  59  6:34  Probe (Chrono Boost)  
  59  6:38  Probe (Chrono Boost)  
  67  6:40  Carrier (Chrono Boost)  
  67  6:44  Probe (Chrono Boost)  
  66  6:50  Mothership Core (Chrono Boost)  
  68  6:55  Probe (Chrono Boost)  
  68  7:00  Carrier (Chrono Boost)  
  71  7:41  Photon Cannon  
  71  7:42  Photon Cannon  
  71  7:44  Pylon, Photon Cannon  
  71  7:45  Pylon  
  77  8:02  Stargate  
  77  8:03  Stargate  
  77  8:05  Protoss Air Weapons Level 1 (Chrono Boost)  
  77  8:07  Protoss Shields Level 1 (Chrono Boost)  
  77  8:08  Carrier (Chrono Boost)  
  77  8:15  Photon Cannon  
  77  8:17  Probe  
  78  8:20  Probe  
  79  8:27  Probe  
  79  8:30  Probe  
  79  8:32  Pylon  
  81  8:38  Carrier (Chrono Boost), Probe  
  81  8:41  Probe  
  94  8:43  Carrier (Chrono Boost)  
  95  8:51  Probe  
  96  9:02  Probe  
  96  9:09  Carrier (Chrono Boost)  
  103  9:11  Carrier (Chrono Boost)  
  109  9:26  Pylon  
  109  9:33  Pylon, Photon Cannon  
  109  9:35  Pylon  
  109  9:39  Photon Cannon  
  109  9:40  Graviton Catapult (Chrono Boost)  
  109  9:43  Probe  
  109  9:44  Carrier  
  116  10:00  Pylon  
  116  10:12  Protoss Ground Weapons Level 1  
  116  10:14  Carrier x2  
  128  10:33  Carrier  
  134  11:24  Carrier (Chrono Boost)  
  140  11:43  Pylon  
  140  11:45  Pylon  
  140  11:46  Pylon  
  140  11:49  Protoss Air Armor Level 1 (Chrono Boost)  
  140  11:53  Cybernetics Core  
  140  12:01  Pylon  
  140  12:03  Carrier (Chrono Boost), Pylon  
  140  12:05  Carrier (Chrono Boost), Pylon  
  140  12:06  Pylon  
  158  12:24  Protoss Ground Armor Level 1 (Chrono Boost)  
  158  12:30  Twilight Council  
  158  12:36  Protoss Air Weapons Level 2 (Chrono Boost)  
  164  12:37  Carrier (Chrono Boost)  
  164  12:39  Carrier (Chrono Boost)  
  170  12:50  Carrier (Chrono Boost)  
  176  13:34  Protoss Air Armor Level 2 (Chrono Boost)  
  143  14:57  Pylon  
  143  14:58  Pylon  
  143  15:00  Pylon  
  143  15:03  Pylon  
  143  15:04  Protoss Air Weapons Level 3 (Chrono Boost), Pylon  
  143  15:05  Protoss Shields Level 2 (Chrono Boost), Pylon x2  
  143  15:07  Pylon  
  134  15:21  Carrier x2, Mothership Core (Chrono Boost)  
  134  15:22  Carrier x2  
  134  15:23  Carrier  
  81  17:20  Nexus  
Show
View Real Time Build Order
Export as new Build Order

samanaXZ Terran - Winner!

Build Orders: Mech 

Get SALT Encoding   

  12  0:01  SCV  
  13  0:13  SCV  
  14  0:20  Supply Depot  
  14  0:25  SCV  
  15  0:29  Refinery  
  15  0:57  Barracks x2  
  15  1:02  SCV  
  16  1:10  Supply Depot  
  16  1:14  SCV  
  17  1:27  SCV  
  18  1:46  Reaper x2  
  20  1:47  Orbital Command  
  20  1:55  Engineering Bay  
  20  2:01  Refinery  
  20  2:18  Reaper x2  
  22  2:27  Missile Turret  
  22  2:31  SCV  
  23  2:43  SCV  
  24  2:55  SCV  
  25  3:11  Barracks Tech Lab  
  21  3:42  Factory  
  21  3:47  Barracks Tech Lab  
  21  3:52  Factory  
  21  3:57  Hi-Sec Auto Tracking  
  21  3:58  Command Center  
  21  3:59  SCV  
  22  4:02  Barracks Tech Lab  
  22  4:13  SCV  
  23  4:25  SCV  
  24  4:33  Missile Turret  
  24  4:38  Supply Depot  
  24  4:43  Factory  
  24  4:48  Siege Tank x2  
  30  4:54  Marine  
  30  4:59  Marine  
  31  5:00  Supply Depot  
  32  5:12  Marine  
  32  5:13  Bunker  
  33  5:17  Marine  
  34  5:48  Siege Tank  
  40  5:55  SCV  
  38  6:08  SCV  
  38  6:10  Missile Turret  
  39  6:12  SCV  
  40  6:20  SCV  
  41  6:26  SCV  
  43  6:32  Missile Turret  
  43  6:34  Planetary Fortress  
  42  6:40  Factory Tech Lab  
  42  6:42  Siege Tank x2  
  48  6:48  Armory  
  48  7:00  Siege Tank  
  51  7:06  Missile Turret  
  51  8:10  Siege Tank x2  
  57  8:15  Widow Mine  
  57  8:18  SCV  
  60  8:21  Refinery  
  60  8:27  Terran Vehicle Weapons Level 1  
  60  8:28  Command Center  
  60  8:30  SCV  
  60  8:32  Supply Depot  
  60  8:33  Supply Depot  
  61  8:42  SCV  
  61  8:48  Factory  
  62  8:54  SCV  
  60  9:06  SCV  
  61  9:11  Refinery  
  61  9:15  Factory Tech Lab  
  61  9:18  Missile Turret  
  61  9:22  SCV x2  
  63  9:34  SCV x2  
  65  9:40  Supply Depot  
  65  9:42  Siege Tank  
  68  9:57  Missile Turret  
  68  9:58  SCV x2  
  70  10:02  Thor x2  
  72  10:52  Command Center  
  72  11:11  Terran Vehicle Weapons Level 2  
  72  11:13  Thor  
  78  11:22  Barracks  
  78  11:26  Factory  
  78  11:36  Siege Tank  
  78  11:39  Missile Turret  
  81  11:49  Orbital Command  
  80  12:08  Siege Tank  
  83  12:12  SCV x2, Supply Depot  
  85  12:19  Starport  
  85  12:24  SCV x2, Supply Depot  
  85  12:25  Refinery, Supply Depot  
  87  12:32  SCV  
  87  12:36  SCV x2  
  90  12:44  SCV  
  90  12:46  Barracks Tech Lab  
  90  12:47  Barracks Reactor  
  90  12:48  SCV  
  90  12:49  Factory Tech Lab  
  92  12:55  Medivac  
  94  13:34  SCV  
  94  13:35  SCV  
  94  13:38  Orbital Command  
  94  13:39  Siege Tank  
  99  13:46  SCV  
  99  13:47  SCV  
  101  13:49  Missile Turret  
  101  14:09  Refinery  
  92  14:52  Hellion x2  
  98  14:53  Hellion x2, Marine x3  
  103  15:11  Marine x2  
  105  15:17  Combat Shields  
  91  16:27  Hellion x2, Thor  
  91  16:28  Hellion  
  91  16:29  Infernal Pre-Igniter  
  103  16:37  Stimpack  
  103  17:26  SCV  
  104  17:38  SCV  
  105  17:50  SCV  
  106  18:33  Command Center  
  106  18:35  Marine, Supply Depot  
  106  18:36  Command Center, Marine x2  
  109  18:45  Hellion  
  109  18:46  Hellion x4  
  119  18:53  Marine x2  
Tags
 
Add a new tag
Caveats
  • Supply blocks, unpowered buildings, or Contaminate may cause inaccurate times.
  • Supply counts are checked every 10 seconds.